 Dungeon Crawl Stone Soup version 0.22.1-1-ga44c0e56f4 (webtiles) character file.

128 Reeggar the Sneak (level 5, -3/49 HPs)
             Began as a Naga Fighter on Oct 24, 2018.
             Killed by nerve-wracking pain
             ... invoked by an orc priest
              (14 damage)
             ... on level 3 of the Dungeon.
             The game lasted 00:07:56 (2477 turns).

Reeggar the Sneak (Naga Fighter)                    Turns: 2477, Time: 00:07:56

Health: -3/49      AC:  5    Str: 24    XL:     5   Next: 12%
Magic:  5/5        EV:  6    Int:  9    God:
Gold:   106        SH: 10    Dex: 10    Spells: 4/4 levels left

rFire    . . .     SeeInvis +   a - +0 long sword
rCold    . . .     Gourm    .   c - +1 shield
rNeg     . . .     Faith    .   b - +0 scale mail
rPois    +         Spirit   .   (no helmet)
rElec    .         Reflect  .   (no cloak)
rCorr    .         Harm     .   (no gloves)
MR       .....                  (no barding)
Stlth    +.........             (no amulet)
HPRegen  0.16/turn              (no ring)
MPRegen  0.09/turn              (no ring)

@: mighty, very slow
A: large, see invisible, deformed body, poison resistance, slowness 2, slow
metabolism 1, spit poison 1, AC +1
a: Spit Poison


You were on level 3 of the Dungeon.
You were not hungry.

You visited 1 branch of the dungeon, and saw 3 of its levels.

You collected 106 gold pieces.

Inventory:

Hand Weapons
 a - a +0 long sword (weapon)
Armour
 b - a +0 scale mail (worn)
 c - a +1 shield (worn)
Jewellery
 h - an uncursed ring of flight {unknown}
 k - an uncursed amulet of magic regeneration {unknown}
Scrolls
 e - 2 scrolls of teleportation
 j - 2 scrolls of amnesia
 m - a scroll of enchant armour
Potions
 d - 2 potions of might
 g - 3 potions of flight {unknown}
 i - a potion of brilliance {unknown}
 l - 2 potions of lignification {unknown}
 n - a potion of curing {unknown}
Comestibles
 f - 4 rations


   Skills:
 + Level 3.2 Fighting
 + Level 2.8 Long Blades
 + Level 3.1 Armour
 + Level 0.2 Dodging
 * Level 3.3 Stealth
 + Level 3.0 Shields


You had 4 spell levels left.
You didn't know any spells.
Your spell library was empty.

Dungeon Overview and Level Annotations

Branches:
Dungeon (3/15)

Altars:


Innate Abilities, Weirdness & Mutations

You cannot wear boots.
Your serpentine skin is tough. (AC +1)
You have supernaturally acute eyesight. (SInv)
Armour fits poorly on your strangely shaped body.
Your system is resistant to poisons. (rPois)
You cover ground very slowly.
You have a slow metabolism.
You can spit poison.


Message History

* * * LOW HITPOINT WARNING * * *
A frilled lizard comes into view.
You closely miss the orc.
The orc is lightly wounded.
The orc priest looks satisfied for a moment.
You block the orc's attack. x2
You slash the orc!
You kill the orc!
Your shield prevents you from hitting the hobgoblin.
The ooze jiggles.
You block the hobgoblin's attack.
You slash the hobgoblin!
You kill the hobgoblin!
You slice the ooze!!
You kill the ooze!
You hit the orc priest.
The orc priest is lightly wounded.
The orc priest mumbles some strange prayers to Beogh against you.
Pain shoots through your body!
You die...

.. .. ## #. ..
.. #.##. ...
.#####.########
.........lgo@.#
..####.######.#
#. #.# #. #.#
.. #.# #h #<#
.h ### ..


You could see an orc priest, a goblin and a frilled lizard.

Vanquished Creatures
  Jessica (D:2)
  2 adders (D:2)
  An ooze (D:3)
  5 worms (D:2)
  A leopard gecko (D:2)
  3 orcs (D:3)
  5 giant cockroaches
  4 goblins
  4 hobgoblins
  11 jackals
  4 bats
  7 frilled lizards
  8 kobolds
  5 rats
61 creatures vanquished.

Notes
Turn   | Place    | Note
-------+----------+-------------------------------------------
     0 | D:1      | Reeggar the Naga Fighter began the quest for the Orb.
     0 | D:1      | Reached XP level 1. HP: 21/21 MP: 1/1
   240 | D:1      | Reached XP level 2. HP: 26/28 MP: 2/2
   292 | D:1      | Reached skill level 1 in Stealth
   974 | D:1      | Reached XP level 3. HP: 33/34 MP: 3/3
  1416 | D:2      | Noticed Jessica
  1435 | D:2      | Killed Jessica
  1435 | D:2      | Reached XP level 4. HP: 23/42 MP: 4/4
  2453 | D:3      | Reached XP level 5. HP: 46/49 MP: 5/5
  2477 | D:3      | Killed from afar by an orc priest

Skill      XL: |  1  2  3  4 |
---------------+-------------+-----
Stealth        | 1 2 3 |  3.3
Armour         | 3 |  3.1
Shields        | 3 |  3.0
Fighting       | |  3.2
Long Blades    | |  2.8
Dodging        | |  0.2

Action                   |  1- 3 |  4- 6 || total
-------------------------+-------+-------++-------
Melee: Long sword        |    96 |   133 ||   229
 Abil: Spit Poison       |       |     1 ||     1
  Use: Scroll            |     4 |     1 ||     5
       Potion            |       |     1 ||     1
  Eat: Chunk             |     1 |     3 ||     4
Armor: Scale mail        |    60 |    62 ||   122
Dodge: Dodged            |    35 |    36 ||    71
Block: Shield            |    72 |    84 ||   156
       Rpst.: Long sword |     8 |    12 ||    20
